 Dungeon Crawl Stone Soup version 0.30-a0-900-g23479c02f2 (webtiles) character file.

Game seed: 18090475073350630692

150122 NotreDorf the Warrior (level 16, -2/155 HPs)
             Began as a Minotaur Berserker on Mar 18, 2023.
             Was a High Priest of Trog.
             Shot with an arrow by a naga sharpshooter (11 damage)
             ... led by Vashnia
             ... on level 4 of the Snake Pit.
             The game lasted 01:38:33 (31151 turns).

NotreDorf the Warrior (Minotaur Berserker)         Turns: 31151, Time: 01:38:33

Health: -2/155     AC: 19    Str: 26    XL:     16   Next: 98%
Magic:  5/5        EV: 15    Int:  8    God:    Trog [*****.]
Gold:   2727       SH:  5    Dex: 13    Spells: 15/15 levels left

rFire   + . .      SeeInvis +    P - +2 great mace (antimagic)
rCold   . . .      Faith    .    (shield currently unavailable)
rNeg    . . .      Spirit   .    Q - +0 chain mail {rPois}
rPois   +          Reflect  +    (helmet restricted)
rElec   .          Rampage  .    a - +2 cloak
rCorr   +                        j - -2 pair of gloves "Omeshuda" {rF+ rCorr Str+3 Slay+3}
Will    ++...                    r - +0 pair of boots of Kevoep {+Blink} Stlth
                                 m - amulet of reflection
HPRegen 0.45/turn                l - ring of see invisible
MPRegen 0.09/turn                R - ring of willpower

@: lethally poisoned (-2 -> -2)
A: horns 2, retaliatory headbutt
a: Renounce Religion, Evoke Blink, Berserk, Trog's Hand, Brothers in Arms


You were on level 4 of the Snake Pit.
You worshipped Trog.
Trog was extremely pleased with you.
You visited 4 branches of the dungeon, and saw 24 of its levels.
You also visited: Bailey.

You collected 2922 gold pieces.
You spent 195 gold pieces at shops.

Inventory:

Hand Weapons
 x - the +8 morningstar "Demonbane" {elec, MP+9}
   (You found it on level 1 of the Lair of Beasts)

   MP:        It affects your magic capacity (+9).
 P - a +2 antimagic great mace (weapon)
Missiles
 v - 3 throwing nets (quivered)
Armour
 a - a +2 cloak (worn)
 j - the -2 pair of gloves "Omeshuda" (worn) {rF+ rCorr Str+3 Slay+3}
   (You acquired it on level 7 of the Dungeon)

   Str:       It affects your strength (+3).
   Slay:      It affects your accuracy & damage with ranged weapons and melee
   (+3).
   rF:        It protects you from fire.
   rCorr:     It protects you from acid and corrosion.
 r - the +0 pair of boots of Kevoep (worn) {+Blink}
   (You acquired it on level 1 of the Snake Pit)

   +Blink:    It lets you blink.
 B - a +0 pair of boots of flying
 G - a scarf of invisibility
 M - the +1 crystal plate armour "Ibodgh Buze" {Slay+5}
   (You acquired it on level 11 of the Dungeon)

   Slay:      It affects your accuracy & damage with ranged weapons and melee
   (+5).
 Q - a +0 chain mail of poison resistance (worn)
Jewellery
 b - a ring of flight
 l - a ring of see invisible (left hand)
 m - an amulet of reflection (around neck)
 w - a +4 ring of protection
 F - a ring of ice
 K - an amulet of regeneration
 N - a ring of positive energy
 R - a ring of willpower (right hand)
Wands
 o - a wand of roots (36)
 y - a wand of flame (15)
 D - a wand of paralysis (22)
 J - a wand of acid (9)
 V - a wand of mindburst (10)
Scrolls
 c - 2 scrolls of blinking
 d - 4 scrolls of enchant weapon
 e - a scroll of noise {unknown}
 f - 13 scrolls of teleportation
 n - 4 scrolls of poison
 q - 4 scrolls of magic mapping
 t - 2 scrolls of identify
 C - a scroll of brand weapon
 E - 3 scrolls of summoning
 H - a scroll of fear
 I - 3 scrolls of fog {unknown}
 L - 2 scrolls of vulnerability {unknown}
Potions
 g - 4 potions of invisibility
 h - 2 potions of might
 i - 3 potions of resistance
 k - 9 potions of curing
 p - 3 potions of cancellation
 s - 3 potions of haste
 u - a potion of degeneration {unknown}
 z - 2 potions of ambrosia
 A - 6 potions of heal wounds
 O - a potion of flight
 U - a potion of magic


   Skills:
 + Level 17.1 Fighting
 + Level 17.1 Maces & Flails
 + Level 16.9 Armour
 + Level 15.5 Dodging
 + Level 15.4 Unarmed Combat


You had 15 spell levels left.
You didn't know any spells.
Your spell library was empty.

Dungeon Overview and Level Annotations

Branches:
Dungeon (13/15)            Temple (0/1) D:6            Lair (5/5) D:8
 Shoals (0/4) Lair:2        Snake (4/4) Lair:3        Slime (0/5) Lair:5
    Orc (2/2) D:11            Elf (0/3) Orc:2        Vaults (0/5) D:13
 Bailey (visited)

Altars:
Gozag
Hepliaklqana
Nemelex Xobeh
Qazlal
Sif Muna
Uskayaw
Wu Jian
Xom
Zin
Jiyva

Shops:
D:1 :   D:7 (   Orc:2 =::=

Annotations:
D:4 1 runed translucent door, Crazy Yiuf
D:6 1 runed translucent door, Pimp's ghost, novice AtFi
Lair:2 1 runed translucent door, diodin's ghost, journeyman TrMo
Orc:1 2 transporters, Darkkill's ghost, journeyman MiHu


Innate Abilities, Weirdness & Mutations

You have a pair of horns on your head.
You reflexively headbutt those who attack you in melee.


Message History

You bludgeon Vashnia!!
Vashnia's magic leaks into the air.
You headbutt Vashnia, but do no damage.
Vashnia is severely wounded.
Vashnia shoots a bolt.
The bolt hits you!
You bludgeon Vashnia!!
Vashnia's magic leaks into the air.
Vashnia is almost dead.
Vashnia spits poison at you.
The splash of poison hits you but does no damage.
You are poisoned.
You resist.
You barely miss Vashnia. You headbutt Vashnia!
Vashnia is almost dead.
You feel very sick.
Vashnia falters for a moment.
You barely miss Vashnia.
Vashnia is almost dead.
You feel sick.
Vashnia shoots a bolt.
The bolt hits you!
You miss Vashnia. You headbutt Vashnia.
Vashnia is almost dead.
You feel sick.
Vashnia shoots a bolt.
The bolt hits you!!
* * * LOW HITPOINT WARNING * * *
You hit Vashnia but do no damage. Your headbutt misses Vashnia.
Vashnia is almost dead.
You feel sick.
You crush Vashnia like a grape!!!
You kill Vashnia!
Trog accepts your kill.
Trog appreciates your killing of a magic user.
You feel sick.
You feel sick.
You feel sick.
The naga sharpshooter gestures wildly while chanting.
The naga sharpshooter magically shoots an arrow.
The arrow hits you!
* * * LOW HITPOINT WARNING * * *
Found a scroll of poison.
You feel sick.
The naga sharpshooter mumbles some strange words.
The naga sharpshooter magically shoots an arrow.
The arrow hits you!
You die...

#........# ##.##
..........######.##
..................#
..#......###...[..##
. ##...#.##........#
#.##..#.........#
####.#..........#
..###.............#
#....=.@.........##
?................#
####.............#
#..........####
###.####N### ##
#..## #.##
#.ยง.....N .......N.


You could see a naga sharpshooter.

Vanquished Creatures
  Vashnia (Snake:4)
  Mlioglotl (Snake:3)
  A sphinx (D:11)
  Kirke (D:13)
  A fire giant (D:11)
  A frost giant (D:11)
  An orc warlord (Orc:2)
  A reaper (Lair:4)
  2 yaktaur captains
  Fannar (Lair:2)
  Harold (D:9)
  3 catoblepae
  2 hydras
  2 salamander tyrants (Snake:3)
  13 anacondas
  4 ogre magi (Orc:2)
  2 centaur warriors
  3 boulder beetles
  19 two-headed ogres
  12 naga warriors
  17 death yaks
  A tengu warrior (D:11)
  6 naga sharpshooters
  2 orc high priests
  A deep elf knight (D:11)
  3 shock serpents
  3 skysharks
  3 salamander mystics
  A flayed ghost (D:11)
  4 naga ritualists
  Pikel (D:4)
  A lindwurm (Snake:4)
  A deep elf archer (Orc:2)
  A wolf spider (D:10)
  9 mana vipers
  An orc knight (Orc:2)
  4 deep elf pyromancers
  3 orc sorcerers
  2 ugly things (D:11)
  11 salamanders
  8 cyclopes
  An oklob plant (Lair:2)
  6 manticores
  8 elephants
  A merfolk siren (Lair:2)
  44 black mambas
  11 naga magi
  A torpor snail (Lair:5)
  5 guardian serpents
  Joseph (D:10)
  13 cane toads
  2 gargoyles
  A molten gargoyle (D:12)
  3 rime drakes
  2 kobold demonologists
  5 komodo dragons
  2 yaktaurs (D:13)
  3 polar bears
  3 trolls
  Grinder (D:6)
  A tarantella (shapeshifter) (D:12)
  A blink frog (shapeshifter) (D:13)
  7 dream sheep
  4 slime creatures
  21 blink frogs
  2 shadows
  29 yaks
  9 wyverns
  5 wraiths
  A hog (shapeshifter) (D:11)
  A human (Lair:4)
  6 hogs (D:13)
  3 basilisks
  4 steam dragons
  4 wargs
  49 nagas
  3 acid dragons
  Duvessa (D:6)
  14 water moccasins
  20 orc warriors
  A sky beast (D:8)
  3 black bears
  23 ogres
  13 wolves
  5 centaurs
  A phantom (D:6)
  A lemure (D:4)
  3 kobold brigands
  2 scorpions
  6 bullfrogs
  9 wights
  Dowan (D:6)
  10 killer bees
  9 howler monkeys
  4 hounds
  11 orc priests
  A gnoll bouda (D:6)
  A jelly (D:6)
  3 sleepcaps
  14 orc wizards
  Natasha (twice) (D:3)
  2 iguanas
  Robin (D:4)
  17 gnolls
  5 adders
  2 white imps
  2 worms
  A dart slug (D:5)
  49 orcs
  6 ball pythons
  5 endoplasms
  4 giant cockroaches
  28 goblins
  10 hobgoblins
  5 quokkas
  4 bats
  A frilled lizard (D:1)
  13 kobolds
  10 rats
  A spectral goblin (D:2)
742 creatures vanquished.

Vanquished Creatures (others)
  An orc (D:9)
  17 fungi
  24 plants
42 creatures vanquished.

Grand Total: 784 creatures vanquished

Notes
Turn   | Place    | Note
-------+----------+-------------------------------------------
     0 | D:1      | NotreDorf the Minotaur Berserker began the quest for the
                  | Orb.
     0 | D:1      | Reached XP level 1. HP: 19/19 MP: 0/0
    68 | D:1      | Reached XP level 2. HP: 13/27 MP: 1/1
   508 | D:1      | Found Esoijumn's Book Boutique.
   719 | D:1      | Reached XP level 3. HP: 32/33 MP: 2/2
   751 | D:2      | Reached ** piety under Trog
  1109 | D:2      | Reached XP level 4. HP: 38/40 MP: 3/3
  1207 | D:2      | Reached skill level 1 in Unarmed Combat
  1357 | D:2      | Found a faded altar of an unknown god.
  1648 | D:3      | Noticed Natasha
  1655 | D:3      | Killed Natasha
  2011 | D:3      | Reached XP level 5. HP: 47/47 MP: 4/4
  2234 | D:3      | Noticed Natasha
  2239 | D:3      | Killed Natasha
  2669 | D:4      | Reached XP level 6. HP: 55/55 MP: 5/5
  2698 | D:4      | Reached *** piety under Trog
  2699 | D:4      | Reached skill level 5 in Fighting
  2710 | D:4      | Reached skill level 5 in Maces & Flails
  2874 | D:4      | Noticed Pikel
  2886 | D:4      | Killed Pikel
  2887 | D:4      | Reached skill level 5 in Armour
  2887 | D:4      | Reached XP level 7. HP: 28/62 MP: 6/6
  3033 | D:4      | Found a stormy altar of Qazlal.
  3297 | D:4      | Noticed Robin
  3308 | D:4      | Killed Robin
  3481 | D:4      | Found a runed translucent door.
  3482 | D:4      | Noticed Crazy Yiuf
  3632 | D:5      | Entered Level 5 of the Dungeon
  4248 | D:6      | Reached skill level 5 in Dodging
  4248 | D:6      | Reached XP level 8. HP: 59/67 MP: 7/7
  4757 | D:6      | Noticed Grinder
  4766 | D:6      | Killed Grinder
  5194 | D:6      | Noticed Pimp's ghost (novice AtFi)
  5196 | D:6      | Found a runed translucent door.
  5395 | D:6      | Found a glowing silver altar of Zin.
  5395 | D:6      | Found a shimmering blue altar of Sif Muna.
  5397 | D:6      | Found a hide-covered altar of Uskayaw.
  5397 | D:6      | Found an ornate altar of the Wu Jian Council.
  5407 | D:6      | Noticed Duvessa
  5418 | D:6      | Killed Duvessa
  5419 | D:6      | Reached skill level 5 in Unarmed Combat
  5419 | D:6      | Noticed Dowan
  5429 | D:6      | Killed Dowan
  5596 | D:6      | Found a staircase to the Ecumenical Temple.
  5795 | D:7      | Identified a scroll of acquirement
  5796 | D:7      | Acquired the -2 pair of gloves "Omeshuda" {rF+ rCorr Str+3
                  | Slay+3}
  6162 | D:7      | Reached **** piety under Trog
  6167 | D:7      | Reached XP level 9. HP: 49/75 MP: 8/8
  6405 | D:7      | Found Raotsateh's Weapon Shop.
  6531 | D:7      | Found a sparkling altar of Nemelex Xobeh.
  6743 | D:8      | Found a flagged portal.
  6765 | Bailey   | Entered a bailey
  6846 | Bailey   | Noticed an orc high priest
  6852 | Bailey   | Killed an orc high priest
  6881 | Bailey   | Found an iron altar of Okawaru.
  6881 | Bailey   | Noticed a kobold demonologist
  6887 | Bailey   | Killed a kobold demonologist
  6956 | Bailey   | Identified the +1 short sword "Qutacank" {elec, rC+ rCorr
                  | Dex+3}
  7157 | D:8      | Reached XP level 10. HP: 85/90 MP: 9/9
  7288 | D:8      | Reached ***** piety under Trog
  7292 | D:8      | Found a staircase to the Lair.
  7328 | Lair:1   | Entered Level 1 of the Lair of Beasts
  7856 | D:8      | Received a gift from Trog
  8097 | Lair:1   | Identified the +8 morningstar "Demonbane" {elec, MP+9}
  8409 | Lair:1   | Noticed a cane toad
  8415 | Lair:1   | Killed a cane toad
  8417 | Lair:1   | Noticed a cane toad
  8422 | Lair:1   | Killed a cane toad
  8505 | Lair:1   | Noticed a black mamba
  8509 | Lair:1   | Killed a black mamba
  8510 | Lair:1   | Reached XP level 11. HP: 87/99 MP: 10/10
  8515 | Lair:1   | Reached skill level 10 in Fighting
  8714 | Lair:1   | Reached skill level 10 in Maces & Flails
  9162 | Lair:2   | Found a runed translucent door.
  9162 | Lair:2   | Found a shimmering altar of Xom.
  9162 | Lair:2   | Noticed diodin's ghost (journeyman TrMo)
  9295 | Lair:2   | Noticed Fannar
  9295 | Lair:2   | Noticed a skyshark
  9307 | Lair:2   | Killed a skyshark
  9324 | Lair:2   | Killed Fannar
  9325 | Lair:2   | Reached skill level 10 in Armour
  9516 | Lair:2   | Noticed an oklob plant
  9581 | Lair:2   | Killed an oklob plant
 10115 | Lair:2   | Found a staircase to the Shoals.
 10500 | Lair:3   | Reached skill level 10 in Dodging
 10535 | Lair:3   | Noticed a skyshark
 10543 | Lair:3   | Killed a skyshark
 10544 | Lair:3   | Reached XP level 12. HP: 80/110 MP: 11/11
 10646 | Lair:3   | Noticed a death yak
 10646 | Lair:3   | Noticed a death yak
 10646 | Lair:3   | Noticed a death yak
 10646 | Lair:3   | Noticed a death yak
 10646 | Lair:3   | Noticed a death yak
 10646 | Lair:3   | Noticed a death yak
 10652 | Lair:3   | Killed a death yak
 10661 | Lair:3   | Killed a death yak
 10664 | Lair:3   | Killed a death yak
 10667 | Lair:3   | Killed a death yak
 10668 | Lair:3   | Killed a death yak
 10674 | Lair:3   | Killed a death yak
 10675 | Lair:3   | Reached skill level 10 in Unarmed Combat
 10948 | Lair:3   | Found a staircase to the Snake Pit.
 11602 | Lair:4   | Noticed a death yak
 11605 | Lair:4   | Noticed a catoblepas
 11616 | Lair:4   | Killed a catoblepas
 11622 | Lair:4   | Noticed a death yak
 11624 | Lair:4   | Noticed a death yak
 11626 | Lair:4   | Noticed a death yak
 11627 | Lair:4   | Killed a death yak
 11636 | Lair:4   | Killed a death yak
 11640 | Lair:4   | Killed a death yak
 11642 | Lair:4   | Killed a death yak
 11872 | Lair:4   | Reached XP level 13. HP: 119/119 MP: 12/12
 12256 | Lair:4   | Identified the +5 ring mail of Boredom {Regen+}
 12555 | Lair:4   | Found a runed translucent door.
 12571 | Lair:4   | Noticed a reaper
 12582 | Lair:4   | Killed a reaper
 13005 | Lair:5   | Entered Level 5 of the Lair of Beasts
 13359 | Lair:5   | Identified the +6 falchion of Imbalance {flame, rN+ Int-4
                  | Dex+2}
 13688 | Lair:5   | Received a gift from Trog
 13852 | Lair:5   | Reached XP level 14. HP: 117/130 MP: 13/13
 14323 | Lair:5   | Found a viscous altar of Jiyva.
 14323 | Lair:5   | Found a staircase to the Slime Pits.
 14703 | D:9      | Noticed Harold
 14716 | D:9      | Killed Harold
 14898 | D:9      | Found an opulent altar of Gozag.
 14966 | D:9      | You are sucked into a shaft and drop 2 floors!
 15812 | D:11     | Noticed a frost giant
 15823 | D:11     | Killed a frost giant
 16142 | D:11     | Noticed a fire giant
 16167 | D:11     | Killed a fire giant
 16167 | D:11     | Noticed a sphinx
 16171 | D:11     | Killed a sphinx
 16317 | D:11     | Found a staircase to the Orcish Mines.
 16532 | D:11     | Acquired the +1 crystal plate armour "Ibodgh Buze" {Slay+5}
 16865 | D:12     | Paralysed by a kobold brigand for 4 turns
 16909 | D:12     | Found a faded altar of an unknown god.
 16911 | D:12     | Found a hazy altar of Hepliaklqana.
 17818 | D:13     | Noticed Kirke
 18058 | D:13     | Found a gate to the Vaults.
 18088 | D:13     | HP: 3/133 [manticore[Kirke] (11)]
 18500 | D:13     | Killed Kirke
 18738 | Orc:1    | Entered Level 1 of the Orcish Mines
 18738 | Orc:1    | Noticed Darkkill's ghost (journeyman MiHu)
 18738 | Orc:1    | Found a transporter.
 18831 | Orc:1    | Found a transporter.
 19197 | Orc:2    | Entered Level 2 of the Orcish Mines
 19197 | Orc:2    | Found a staircase to the Elven Halls.
 19220 | Orc:2    | Received a gift from Trog
 19223 | Orc:2    | Reached XP level 15. HP: 112/139 MP: 14/14
 19233 | Orc:2    | Reached skill level 15 in Maces & Flails
 19237 | Orc:2    | Reached skill level 15 in Fighting
 19765 | Orc:2    | Paralysed by something for 3 turns
 20089 | Orc:2    | Reached skill level 15 in Armour
 20488 | Orc:2    | Found Bimaq's Jewellery Emporium.
 20488 | Orc:2    | Found Akkariryrph's Book Shop.
 20489 | Orc:2    | Found Yrreh's Book Shop.
 20489 | Orc:2    | Found Fis Vych's Jewellery Shoppe.
 20496 | Orc:2    | Bought a ring of see invisible for 195 gold pieces
 20924 | D:10     | Entered Level 10 of the Dungeon
 20942 | D:10     | Reached ****** piety under Trog
 21085 | D:10     | Noticed Joseph
 21096 | D:10     | Paralysed by Joseph for 3 turns
 21102 | D:10     | Killed Joseph
 22128 | D:9      | Identified the +1 spear "Killer Klown's Death" {heavy,
                  | *Slow rF- Str+7}
 22180 | D:9      | Received a gift from Trog
 22540 | Snake:1  | Entered Level 1 of the Snake Pit
 22884 | Snake:1  | Acquired the +0 pair of boots of Kevoep {+Blink}
 25024 | Snake:2  | Reached XP level 16. HP: 94/151 MP: 15/15
 26793 | Snake:3  | Reached skill level 15 in Dodging
 27585 | Snake:3  | Received a gift from Trog
 27676 | Snake:3  | Reached skill level 15 in Unarmed Combat
 28457 | Snake:3  | Noticed Mlioglotl
 28683 | Snake:3  | Killed Mlioglotl
 29648 | Snake:4  | Entered Level 4 of the Snake Pit
 29880 | Snake:4  | Received a gift from Trog
 31108 | Snake:4  | Noticed Vashnia
 31148 | Snake:4  | Killed Vashnia
 31151 | Snake:4  | Shot with an arrow by a naga sharpshooter

Illustrated notes

Levels and vault maps discovered:
D:1:      dpeg_arrival_ratfight, layout_loops_ring, serial_shops,
          nicolae_shop_behind_doors
D:2:      layout_loops_ring, dreamdust_ecumenical_altar_drowned_temple
D:3:      layout_basic, uniq_natasha
D:4:      layout_loops_ring, mainiacjoe_overflow_brackets,
          minmay_misc_feat_ornament, fountainhead, uniq_robin,
          uniq_crazy_yiuf_cottage, uniq_pikel
D:5:      layout_loops_ring
D:6:      layout_basic, mainiacjoe_overflow_alcove_3,
          minmay_temple_entry_antechambers, hellmonk_ghost_happy_afterlife,
          uniq_grinder, uniq_duvessa
D:7:      layout_gridville, nemelex_diamond_rough_becter, serial_shops,
          nicolae_stop_n_shop_1
D:8:      layout_basic, minmay_lair_entry_grove, enter_bailey_2,
          grunt_ogre_cave, minmay_misc_feat_tower,
          chequers_serial_rivers_large_a
D:9:      layout_roguey, mainiacjoe_overflow_small_starburst, uniq_harold
D:10:     layout_big_octagon, evilmike_minifort, uniq_joseph
D:11:     minmay_tearing_corner, layout_basic, orc_0_dummy, columned_hall_lemuel
D:12:     layout_loops_ring, minivault_20, beargit_hepliaklqana_dungeon_heroes
D:13:     layout_stronghold, david_vaults_2, uniq_kirke
Lair:1:   layout_cave_pods, serial_bayou_shore_b
Lair:2:   layout_cave_pods, minmay_shoals_entry_lonely_mermaid,
          ebering_ghost_xom, uniq_fannar
Lair:3:   layout_cellular_growth, minmay_snake_entry_guardpost_medium
Lair:4:   layout_roguey, gauntlet_entry_generic, chequers_serial_rivers_micro_a,
          pdpol_lair_cabin_in_the_woods, grunt_megastairs_2
Lair:5:   hangedman_lair_in_review, layout_small_grid, wormcave, slime_entry_1,
          chequers_serial_rivers_micro_e
Snake:1:  nicolae_snake_nest, layout_cave_pods
Snake:2:  layout_cave_pods, hangedman_snake_corridor_split
Snake:3:  layout_cave_town, nicolae_snake_gridmaze_entwining, lemuel_fruit_tree,
          uniq_mlioglotl
Snake:4:  snake_pit_salamanders_mu, layout_chambers, serial_bayou_shore_b,
          uniq_aizul, uniq_vashnia
Orc:1:    layout_caves, gammafunk_ghost_stat_death
Orc:2:    st_orc_ogre_mass, layout_caves, basic_altar, elf_legates

Skill      XL: |  1  2  3  4  5  6  7  8  9 10 11 12 13 14 15 16 |
---------------+-------------------------------------------------+-----
Fighting       | 4 5 6 7 8 9 11 12 13 14 16 17 | 17.1
Maces & Flails | 4 5 6 7 8 9 11 12 13 14 16 17 | 17.1
Armour         | 3 4 5 6 8 9 10 12 13 14 15 16 | 16.9
Unarmed Combat | 1 2 3 4 5 6 8 9 10 12 13 14 15 | 15.4
Dodging        | 3 4 5 6 7 8 10 11 12 13 14 15 | 15.5

Action                     |  1- 3 |  4- 6 |  7- 9 | 10-12 | 13-15 | 16-18 || total
---------------------------+-------+-------+-------+-------+-------+-------++-------
  Melee: Mace              |     3 |       |       |       |       |       ||     3
         Headbutt          |    11 |    11 |    42 |    83 |   197 |   109 ||   453
         Flail             |    66 |    97 |    13 |       |       |       ||   176
         Punch             |       |     1 |     4 |    21 |    70 |    25 ||   121
         Morningstar       |       |       |   208 |   319 |   812 |   226 ||  1565
         Dire flail        |       |       |       |    13 |    46 |       ||    59
         Unarmed           |       |       |       |       |    10 |       ||    10
         Great mace        |       |       |       |       |       |   196 ||   196
 Invoke: Berserk           |       |     1 |     1 |     3 |     4 |     4 ||    13
         Trog's Hand       |       |       |       |     1 |       |     1 ||     2
Ability: Evoke Blink       |       |       |       |       |       |     1 ||     1
  Evoke: Wand              |       |       |       |       |     1 |     1 ||     2
    Use: Scroll            |       |     7 |    12 |       |    17 |     1 ||    37
         Potion            |       |       |       |       |     1 |       ||     1
   Stab: Petrified         |       |       |       |       |     2 |       ||     2
 Armour: Animal skin       |    11 |    11 |    18 |       |       |       ||    40
         Leather armour    |       |       |    31 |       |       |       ||    31
         Plate armour      |       |       |    32 |   165 |   160 |       ||   357
         Crystal plate arm |       |       |       |       |   128 |       ||   128
         Chain mail        |       |       |       |       |    69 |   139 ||   208
  Dodge: Dodged            |    35 |    76 |    93 |   122 |   341 |   245 ||   912
  Block: Other             |       |       |    33 |    57 |   154 |    99 ||   343
         Reflection        |       |       |       |       |    12 |     8 ||    20

Table legend: (Time is in decaauts)
 A = Elapsed time spent in this place.
 B = Non-inter-level travel time spent in this place.
 C = Inter-level travel time spent in this place.
 D = Time resting spent in this place.
 E = Time spent auto-exploring this place.
 F = Levels seen in this place.
 G = Mean time per level.
                   A        B        C        D        E       F      G
               +--------+--------+--------+--------+--------+-----+--------+
         Total |  31050 |  29951 |   1099 |   6578 |  18436 |  25 | 1242.0 |
       Dungeon |  13464 |  12855 |    609 |   1334 |   9522 |  13 | 1035.7 |
          Lair |   6643 |   6352 |    291 |    500 |   4728 |   5 | 1328.6 |
     Snake Pit |   8502 |   8431 |     71 |   3942 |   3367 |   4 | 2125.5 |
  Orcish Mines |   2093 |   1967 |    126 |    729 |    819 |   2 | 1046.5 |
        Bailey |    346 |    346 |      0 |     72 |      0 |   1 |  346.0 |
               +--------+--------+--------+--------+--------+-----+--------+

Top non-repeatable levels by time:
 Snake:3: 2926 daAuts
 Snake:2: 2247 daAuts
 Snake:1: 1832 daAuts
    D:11: 1689 daAuts
  Lair:5: 1568 daAuts
     D:6: 1529 daAuts
 Snake:4: 1496 daAuts
  Lair:3: 1466 daAuts
  Lair:4: 1409 daAuts
    D:13: 1402 daAuts
  Lair:2: 1306 daAuts
   Orc:2: 1306 daAuts
    D:10: 1185 daAuts
     D:8: 1069 daAuts
     D:4: 1020 daAuts
